 Dungeon Crawl Stone Soup version 0.23-a0-386-g9c9d49f (webtiles) character file.

739 CanOfBees the Caller (level 7, -2/53 HPs)
             Began as a Merfolk Summoner on Oct 26, 2018.
             Slain by a sky beast (6 damage)
             ... on level 6 of the Dungeon on Oct 29, 2018.
             The game lasted 00:15:09 (8885 turns).

CanOfBees the Caller (Merfolk Summoner)             Turns: 8885, Time: 00:15:09

Health: -2/53      AC:  2    Str:  8    XL:     7   Next: 75%
Magic:  9/14       EV: 13    Int: 17    God:
Gold:   260        SH:  0    Dex: 14    Spells: 5/15 levels left

rFire    . . .     SeeInvis .   l - +1 dagger (venom)
rCold    . . .     Gourm    .   (no shield)
rNeg     + . .     Faith    .   a - +0 robe
rPois    .         Spirit   .   (no helmet)
rElec    .         Reflect  .   (no cloak)
rCorr    .         Harm     .   (no gloves)
MR       .....                  (no boots)
Stlth    ++........             (no amulet)
HPRegen  0.17/turn              n - ring of positive energy
MPRegen  0.14/turn              (no ring)

@: no status effects
A: change form in water, swift swim, stealthy swim
a: no special abilities


You were on level 6 of the Dungeon.
You were near starving.

You visited 2 branches of the dungeon, and saw 7 of its levels.

You collected 260 gold pieces.

Inventory:

Hand Weapons
 e - a +0 short sword
 f - a +0 spear
 l - a +1 dagger of venom (weapon)
Missiles
 p - 11 tomahawks (quivered)
Armour
 a - a +0 robe (worn)
Jewellery
 n - a ring of positive energy (left hand)
Wands
 b - a wand of clouds (6)
 m - a wand of iceblast (8)
Scrolls
 g - 4 scrolls of remove curse
 h - a scroll of enchant weapon {unknown}
 i - a scroll of fear {unknown}
 j - 3 scrolls of identify
 k - a scroll of magic mapping
 r - a scroll of brand weapon
 s - 2 scrolls of noise
Comestibles
 c - 3 rations


   Skills:
 + Level 3.6 Fighting
 + Level 3.7 Polearms
 - Level 3.0 Dodging
 - Level 3.0 Stealth
 * Level 4.7 Spellcasting
 + Level 5.4 Summonings
 + Level 1.8 Air Magic


You had 5 spell levels left.
You knew the following spells:

 Your Spells              Type           Power        Failure   Level  Hunger
a - Summon Small Mammal   Summ           ###.         1%          1    None
b - Call Imp              Summ           ###.....     2%          2    #......
c - Call Canine Familiar  Summ           ###.....     4%          3    ###....
d - Summon Lightning Spi  Summ/Air       ###.....     32%         4    ####...

Your spell library contained the following spells:

 Spells                   Type           Power        Failure   Level  Hunger
 Summon Guardian Golem    Hex/Summ       ##......     14%         3    ###....
 Summon Ice Beast         Ice/Summ       ##......     43%         4    ####...


Dungeon Overview and Level Annotations

Branches:
Dungeon (6/15)             Temple (1/1) D:4

Altars:
Cheibriados
Dithmenos
Elyvilon
Gozag
Hepliaklqana
Kikubaaqudgha
Makhleb
Okawaru
Qazlal
Ru
Trog
Uskayaw
Vehumet
Wu Jian
Xom
Zin

Shops:
D:2 *

Annotations:
D:6 Dowan, Duvessa


Message History

You miss something.
Your hound bites something.
Something barely misses you.
Your hound barely misses something.
Your crimson imp barely misses something.
You barely miss something.
Your hound bites something but does no damage.
Something hits you. Something shocks you.
Your crimson imp completely misses something.
You hit something but do no damage.
Your hound completely misses something.
Something hits you.
* * * LOW HITPOINT WARNING * * *
Something shocks you.
* * * LOW HITPOINT WARNING * * *
Your hound barely misses something.
Your crimson imp barely misses something.
You closely miss something.
Your hound bites something but does no damage.
Something hits you.
* * * LOW HITPOINT WARNING * * *
Something shocks you.
You die...

#<# #.# #.#
#.# ### #.#
... #.# #.#
#.# #.#
#.####.#####.#
#...@{h......#
######5######
#...# ###.#
#.# #.#
######## #.#
#....... #.#
#.###### #.#
#.#


You could see a friendly hound and a friendly crimson imp.

Vanquished Creatures
  A phantom (D:5)
  A centaur (D:5)
  A scorpion (D:4)
  2 hounds
  An orc wizard (D:5)
  2 worker ants
  4 adders
  2 oozes
  An adder skeleton (D:6)
  2 worms
  3 leopard geckos
  4 orcs
  5 ball pythons
  2 giant cockroaches
  5 goblins
  3 hobgoblins
  4 jackals
  A quokka (D:3)
  7 bats
  2 frilled lizards (D:1)
  7 kobolds
  A quokka skeleton (D:4)
  9 rats
70 creatures vanquished.

Vanquished Creatures (collateral kills)
  A sky beast (D:5)
  An ogre (D:5)
  2 phantoms (D:4)
  A bullfrog skeleton (D:4)
  A jelly (D:5)
  A hound (D:5)
  2 orc priests
  An orc wizard (D:5)
  2 adders (D:2)
  An adder skeleton (D:4)
  A worm (D:5)
  A dart slug (D:5)
  7 orcs
  2 giant cockroaches (D:3)
  A goblin (D:2)
  4 kobolds
  A quokka (D:3)
  A ball python (D:4)
  A bat (D:2)
  A frilled lizard (D:1)
  3 rats
36 creatures vanquished.

Grand Total: 106 creatures vanquished

Notes
Turn   | Place    | Note
-------+----------+-------------------------------------------
     0 | D:1      | CanOfBees the Merfolk Summoner began the quest for the Orb.
     0 | D:1      | Reached XP level 1. HP: 13/13 MP: 3/3
   563 | D:1      | Reached XP level 2. HP: 19/19 MP: 5/5
  1650 | D:2      | Learned a level 2 spell: Call Imp
  1727 | D:2      | Reached XP level 3. HP: 21/25 MP: 0/6
  1751 | D:2      | Reached skill level 1 in Fighting
  2563 | D:2      | Reached XP level 4. HP: 22/32 MP: 7/7
  2762 | D:2      | Learned a level 3 spell: Call Canine Familiar
  2774 | D:2      | Found Gozag's Platinum Reserve.
  2776 | D:2      | Found an opulent altar of Gozag.
  3514 | D:3      | Upgraded the game from 0.23-a0-375-g66a18ee to
                  | 0.23-a0-384-g3a68796
  3859 | D:3      | Reached XP level 5. HP: 31/38 MP: 9/9
  4956 | D:4      | Learned a level 4 spell: Summon Lightning Spire
  5003 | D:4      | Found a staircase to the Ecumenical Temple.
  5010 | Temple   | Entered the Ecumenical Temple
  5257 | D:4      | Noticed a phantom
  5269 | D:4      | Noticed a phantom
  5277 | D:3      | Reached skill level 1 in Polearms
  5501 | D:4      | Reached XP level 6. HP: 24/46 MP: 7/11
  6023 | D:4      | Killed a phantom
  6023 | D:4      | Reached skill level 5 in Summonings
  6032 | D:4      | Killed a phantom
  6424 | D:4      | Reached skill level 1 in Air Magic
  6548 | D:4      | Upgraded the game from 0.23-a0-384-g3a68796 to
                  | 0.23-a0-386-g9c9d49f
  6568 | D:5      | Entered Level 5 of the Dungeon
  6875 | D:5      | Reached XP level 7. HP: 52/52 MP: 8/13
  8720 | D:6      | Noticed Duvessa
  8720 | D:6      | Noticed Dowan
  8885 | D:6      | Slain by a sky beast

Vault maps used:
D:1:      wheals_arrival_shading, serial_curves, eino_curves_04, eino_curves_02,
          eino_curves_01, serial_bayou_pond_a, corexii_corridor_pit
D:2:      nicolae_gozag_zags_fifth_avenue
D:4:      temple_doors_e, first_ration
D:6:      ashenzari_altar_1, ebering_ghost_rock_garden, uniq_duvessa
Temple:   regret_index_temple_generic_petals

Skill      XL: |  1  2  3  4  5  6  7 |
---------------+----------------------+-----
Dodging        | 3 |  3.0
Stealth        | 3 |  3.0
Fighting       | 1 2 3 |  3.6
Spellcasting   | 3 4 |  4.7
Polearms       | 1 2 3 |  3.7
Summonings     | 5 |  5.4
Air Magic      | 1 |  1.8

Action                   |  1- 3 |  4- 6 |  7- 9 || total
-------------------------+-------+-------+-------++-------
Melee: Short sword       |    81 |       |       ||    81
       Unarmed           |     9 |       |       ||     9
       Dagger            |    44 |   140 |    37 ||   221
       Spear             |       |       |    31 ||    31
Throw: Tomahawk          |       |     3 |       ||     3
 Cast: Summon Small Mamm |    15 |       |       ||    15
       Call Imp          |     7 |    24 |    10 ||    41
       Call Canine Famil |       |     7 |    10 ||    17
  Use: Scroll            |       |     5 |     5 ||    10
       Potion            |       |     4 |     1 ||     5
 Stab: Sleeping          |     4 |    10 |     2 ||    16
  Eat: Chunk             |     2 |    13 |     5 ||    20
       Ration            |     1 |     1 |       ||     2
Armor: Robe              |    42 |    21 |     5 ||    68
Dodge: Dodged            |   140 |   120 |    28 ||   288

Table legend:
 A = Non-vault XP
 B = Vault XP
 C = Vault XP percentage of total XP
 D = Non-vault monster count
 E = Vault monster count
 F = Vault count percentage of total count
                 A         B        C        D         E       F
            +---------+---------+-------+---------+---------+-------
      Total |    1057 |       0 |   0.0 |     106 |       0 |   0.0
            +---------+---------+-------+---------+---------+-------
        D:1 |      29 |       0 |   0.0 |      22 |       0 |   0.0
        D:2 |      70 |       0 |   0.0 |      30 |       0 |   0.0
        D:3 |     161 |       0 |   0.0 |      25 |       0 |   0.0
        D:4 |     313 |       0 |   0.0 |      13 |       0 |   0.0
        D:5 |     479 |       0 |   0.0 |      15 |       0 |   0.0
        D:6 |       5 |       0 |   0.0 |       1 |       0 |   0.0
            +---------+---------+-------+---------+---------+-------
